 Dungeon Crawl Stone Soup version 0.19-a0-1225-gf887c1c (webtiles) character file.

157 LORDOFBUTT the Skirmisher (level 5, 18/42 HPs)
             Began as a Demonspawn Berserker on Aug 26, 2016.
             Was a Believer of Trog.
             Quit the game on level 3 of the Dungeon.
             The game lasted 00:02:42 (2382 turns).

LORDOFBUTT the Skirmisher (Demonspawn Berserker)    Turns: 2382, Time: 00:02:43

Health: 18/42      AC:  4    Str: 17    XL:     5   Next: 15%
Magic:  5/5        EV: 13    Int:  8    God:    Trog [**....]
Gold:   115        SH:  0    Dex: 14    Spells: 0 memorised, 4 levels left

rFire  . . .     SeeInvis .       - Unarmed
rCold  . . .     Gourm    .     a - +0 animal skin
rNeg   . . .     Faith    .     (no shield)
rPois  .         Spirit   +     (no helmet)
rElec  .         Dismiss  .     (no cloak)
rCorr  .         Reflect  .     (no gloves)
MR     .....     Harm     .     (no boots)
Stlth  ++........               (no amulet)
                                (no ring)
                                (no ring)

@: no status effects
A: icy blue scales 1, magic shield, rot immunity
a: Berserk, Trog's Hand, Burn Spellbooks, Renounce Religion


You were on level 3 of the Dungeon.
You worshipped Trog.
Trog was pleased with you.
You were not hungry.

You visited 1 branch of the dungeon, and saw 3 of its levels.

You collected 115 gold pieces.

Inventory:

Armour
 a - a +0 animal skin (worn)
Jewellery
 s - a cursed amulet of inaccuracy {unknown}
Scrolls
 b - a scroll of enchant weapon {unknown}
 c - 3 scrolls of remove curse {unknown}
 d - 2 scrolls of magic mapping {unknown}
 g - a scroll of random uselessness {unknown}
 h - 3 scrolls of identify {unknown}
 l - a scroll of amnesia {unknown}
 m - a scroll of fear {unknown}
 o - a scroll of fog {unknown}
 p - a scroll of immolation {unknown}
Potions
 e - a potion of lignification {unknown}
 f - a potion of mutation {unknown}
 i - 2 potions of degeneration {unknown}
 j - a potion of brilliance {unknown}
 k - a potion of magic {unknown}
 n - a potion of heal wounds {unknown}
 q - a potion of curing {unknown}
Comestibles
 r - 2 chunks of flesh


   Skills:
 * Level 4.0 Fighting
 - Level 2.0 Armour
 * Level 2.7 Dodging
 + Level 1.7 Stealth
 * Level 3.6 Unarmed Combat


You had 4 spell levels left.
You didn't know any spells.

Dungeon Overview and Level Annotations

Branches:
Dungeon (3/15)

Altars:


Innate Abilities, Weirdness & Mutations

You are partially covered in icy blue scales. (AC +2)
When hurt, damage is shared between your health and your magic reserves.
You are immune to rotting.


Message History

You punch the hound!
You kill the hound!
Trog accepts your kill.
Your Fighting skill increases to level 4!
You have reached level 5!
Your demonic ancestry asserts itself...
You feel your magical essence form a protective shroud around your flesh.
Eating one of 3 chunks of flesh.
You start eating one of the 3 chunks of flesh.
You continue eating. x2
You finish eating.
This raw flesh tastes terrible.
Things that are here:
a club; a dagger; a hound corpse A rat comes into view.
A rat is nearby!
Quiver which item? (- for none, * to show all) (? for menu, Esc to quit)
You don't have any such object.
Quiver which item? (- for none, * to show all) (? for menu, Esc to quit)
Okay, then.
Are you sure you want to abandon this character and quit the game? (Confirm with "yes".)

...........#...###.#.###..
r.......................
.........###.#####)###..
.........# #.....#.# #..
.........##........# ##.
.........#........)# ##
.........#...>.....# #
.........#.........#
.......@....<......#
.#.....##..........#
###### ##.........#
#.........# #.........#
#........ #........
##....... #.....#


You could see a rat (sleeping).

Vanquished Creatures
  A hound (D:3)
  5 adders
  2 oozes
  A dart slug (D:2)
  4 giant geckos
  3 giant cockroaches
  13 goblins
  5 hobgoblins
  4 jackals (D:1)
  9 kobolds
  10 bats
  3 giant newts
  7 rats
67 creatures vanquished.

Notes
Turn   | Place    | Note
-------+----------+-------------------------------------------
     0 | D:1      | LORDOFBUTT the Demonspawn Berserker began the quest for the Orb.
     0 | D:1      | Reached XP level 1. HP: 18/18 MP: 1/1
   255 | D:1      | Gained mutation: You are partially covered in icy blue scales. (AC +2) [demonic ancestry]
   255 | D:1      | Reached XP level 2. HP: 20/24 MP: 2/2
   756 | D:1      | Gained mutation: You are immune to rotting. [demonic ancestry]
   756 | D:1      | Reached XP level 3. HP: 20/29 MP: 3/3
   757 | D:1      | Reached ** piety under Trog
  1083 | D:2      | Reached skill level 1 in Stealth
  1125 | D:2      | Reached XP level 4. HP: 14/36 MP: 4/4
  2353 | D:3      | Reached skill level 4 in Fighting
  2353 | D:3      | Gained mutation: When hurt, damage is shared between your health and your magic reserves. [demonic ancestry]
  2353 | D:3      | Reached XP level 5. HP: 14/42 MP: 5/5
  2382 | D:3      | Quit the game

Vault maps used:
D:1:      scummos_arrival_gate
D:2:      serial_forest, infiniplex_forest_straight_2,
          infiniplex_forest_straight_2, infiniplex_forest_clump_large,
          infiniplex_forest_lined_room_, minmay_surrounded

Skill      XL: |  1  2  3  4 |
---------------+-------------+-----
Unarmed Combat | 3 |  3.6
Armour         | 2 |  2.0
Dodging        | 2 |  2.7
Stealth        | 1 |  1.7
Fighting       | 4 |  4.0

Action                   |  1- 3 |  4- 6 || total
-------------------------+-------+-------++-------
Melee: Unarmed           |   144 |   123 ||   267
       Punch             |     1 |     1 ||     2
Invok: Berserk           |     2 |       ||     2
 Stab: Sleeping          |     4 |     1 ||     5
       Distracted        |       |     2 ||     2
  Eat: Bread ration      |     1 |       ||     1
       Chunk             |       |     3 ||     3
Armor: Animal skin       |    49 |    32 ||    81
Dodge: Dodged            |    99 |    65 ||   164
